 Dungeon Sprint DCSS version 0.17-a0-1850-g688e747 (webtiles) character file.

437 luca467 the Cudgeler (level 6, -3/55 HPs)
             Began as a Mummy Fighter on Sept 19, 2015.
             Was an Initiate of Okawaru.
             Slain by Sonja
             ... wielding a +0 short sword of distortion
              (8 damage)
             ... in the Dungeon (Sprint I: "Red Sonja").
             The game lasted 00:03:54 (1164 turns).

luca467 the Cudgeler (Mummy Fighter)                Turns: 1164, Time: 00:03:54

Health: -3/55      AC:  7    Str: 21    XL:     6   Next: 69%
Magic:  6/6        EV:  8    Int:  7    God:    Okawaru [......]
Gold:   321        SH: 10    Dex: 12    Spells: 0 memorised, 5 levels left

rFire  x . .     SeeInvis .     a - +0 flail
rCold  + . .     Clarity  .     b - +0 scale mail
rNeg   + + +     SustAt   .     c - +0 shield
rPois  ∞         Gourm    .     (no helmet)
rElec  .         Spirit   .     (no cloak)
rCorr  .         Warding  .     (no gloves)
rMut   .         NoTele   +     (no boots)
MR     .....                    (no amulet)
Stlth  ..........               (no ring)
                                (no ring)

@: not resistant to hostile enchantments, extremely unstealthy
A: no food or potions, fire vulnerability, cold resistance 1, negative energy
resistance 3, torment resistance, unbreathing
a: Renounce Religion


You were in the Dungeon.
You worshipped Okawaru.
Okawaru was noncommittal.
You were not hungry.

You visited 1 branch You collected 321 gold pieces.

Inventory:

Hand weapons
 a - a +0 flail (weapon)
Armour
 b - a +0 scale mail (worn)
 c - a +0 shield (worn)
Scrolls
 d - a scroll of blinking


   Skills:
 + Level 7.1 Fighting
 * Level 7.8 Maces & Flails
 + Level 5.9 Armour
 + Level 5.9 Shields


You had 5 spell levels left.
You didn't know any spells.

Dungeon Overview and Level Annotations

Branches:
Dungeon (1/1)

Altars:
Elyvilon
Gozag
Kikubaaqudgha
Makhleb
Nemelex Xobeh
Okawaru
Qazlal
Ru
Sif Muna
Trog
Vehumet
Xom
Yredelemnul
Zin
The Shining One

Shops:
D :

Annotations:
D Sonja


Innate Abilities, Weirdness & Mutations

You do not eat or drink.
Your flesh is vulnerable to fire.
You are immune to poison.
Your flesh is cold resistant.
You are immune to negative energy.
You are immune to unholy pain and torment.
You can survive without breathing.


Message History

You closely miss Sonja. Sonja hits you but does no damage.
Sonja barely misses you. Sonja hits you but does no damage.
You miss Sonja. Sonja hits you but does no damage.
You feel a strange sense of stasis. Sonja completely misses you.
You block Sonja's attack.
Sonja hits you with an uncursed short sword of distortion!
* * * LOW HITPOINT WARNING * * *
You block Sonja's attack. Sonja hits you but does no damage.
Space bends around you.
* * * LOW HITPOINT WARNING * * *
You hit Sonja.
Sonja is moderately wounded.
You block Sonja's attack. Sonja closely misses you.
Sonja hits you but does no damage. Space bends around you.
* * * LOW HITPOINT WARNING * * *
Your shield and scale mail prevent you from hitting Sonja.
Sonja is lightly wounded.
You block Sonja's attack. Sonja hits you but does no damage.
Space warps horribly around you!
You die...

################
#<.#..').#..'..#
#..)..#..').#..+
#..#####'#####'#
#..####..#...#.#
#..#__####..##.#
#..#_..__##'#..+
#⌠⌠#_.∩..@K((._#
####_..._##_(#'#
#_____###'#(#
####### #.###
$.K $.$# ##.##
#+#


You could see Sonja.

Vanquished Creatures
  Sigmund (D)
  A yak (D)
  An ogre (D)
  A jelly (D)
  Ijyb (D)
5 creatures vanquished.

Notes
Turn   | Place    | Note
--------------------------------------------------------------
     0 | D        | luca467 the Mummy Fighter began the quest for the Orb.
     0 | D        | Reached XP level 1. HP: 18/18 MP: 1/1
     1 | D        | Noticed Ijyb
    57 | D        | Killed Ijyb
    57 | D        | Reached skill level 4 in Fighting
    57 | D        | Reached XP level 2. HP: 5/25 MP: 2/2
   404 | D        | Noticed an ogre
   408 | D        | Killed an ogre
   408 | D        | Reached skill level 5 in Fighting
   408 | D        | Reached skill level 5 in Maces & Flails
   408 | D        | Reached XP level 3. HP: 12/33 MP: 3/3
   408 | D        | Reached XP level 4. HP: 14/39 MP: 4/4
   606 | D        | Noticed Sigmund
   620 | D        | Killed Sigmund
   620 | D        | Reached skill level 6 in Fighting
   620 | D        | Reached skill level 5 in Armour
   620 | D        | Reached skill level 5 in Shields
   620 | D        | Reached XP level 5. HP: 10/46 MP: 5/5
   868 | D        | Found a deep blue altar of Sif Muna.
   869 | D        | Noticed a jelly
   871 | D        | Found a radiant altar of Vehumet.
   874 | D        | Killed a jelly
   874 | D        | Reached XP level 6. HP: 47/53 MP: 6/6
   908 | D        | Found Jinneten's Book Emporium.
   908 | D        | Found a white marble altar of Elyvilon.
   908 | D        | Found a stormy altar of Qazlal.
   908 | D        | Found a burning altar of Makhleb.
   908 | D        | Found a sacrificial altar of Ru.
   908 | D        | Found a basalt altar of Yredelemnul.
   908 | D        | Found a glowing golden altar of the Shining One.
   908 | D        | Found a sparkling altar of Nemelex Xobeh.
   908 | D        | Found a shimmering altar of Xom.
   908 | D        | Found an opulent altar of Gozag.
   908 | D        | Found an ancient bone altar of Kikubaaqudgha.
   908 | D        | Found a glowing silver altar of Zin.
   908 | D        | Noticed a yak
   917 | D        | Killed a yak
   917 | D        | Reached skill level 7 in Fighting
  1133 | D        | Found an iron altar of Okawaru.
  1134 | D        | Found a bloodstained altar of Trog.
  1138 | D        | Became a worshipper of Warmaster Okawaru
  1153 | D        | Noticed Sonja
  1164 | D        | Slain by Sonja

Vault maps used:
D:        dungeon_sprint_1

Action                   |  1- 3 |  4- 6 || total
-------------------------+-------+-------++-------
Melee: Flail             |    58 |    29 ||    87
